cohdb
Replays
Latest Replays
All Replays
Popular Replays
Top Player Replays
Match Explorer
How It Works
Community
CoH3 Stats
Reddit
Sign in to upload your games and track your stats! →
Sign in with Steam
Match 41431587
Unlisted
Match 41431587
Overview
Messages
Build Orders
End
Construct Section Command Post
Vickers Machine Gun Team
Selects Canadian Shock Battlegroup
Infantry Section
Infantry Section
Grenade Package
Infantry Section
ML 3-inch Mortar Team
Dingo Light Scout Car
Selects Attacking Spirit
Construct Platoon Command Post
6-pounder Anti-tank Gun Team
Humber Armored Car
Selects Incendiary Munitions
Selects Canadian Shock Section
Canadian Shock Section
Team Weapon Training
Canadian Shock Section
Selects Pyrotechnics
Infantry Training
Selects Demolition Engineering
Demolition Engineering
Construct Company Command Post
Unlock M3 Grant Medium Tanks
Demolition Engineering
Foot Guards Section
M3 Grant Medium Tank
M3 Grant Medium Tank
Selects Point Assault
Point Assault
BT-7274
AP
Januoris
twix
0
0
Comments
sign in to comment!
No comments posted yet!